 Dungeon Crawl Stone Soup version 0.32-a0-868-g153ae1a8d6 (webtiles) character file.

Game seed: 15862074120264388211

732 ceep the Shield-Bearer (level 7, -2/63 HPs)
             Began as a Minotaur Fighter on Mar 28, 2024.
             Engulfed by a cloud of poison gas (4 damage)
             ... on level 4 of the Dungeon.
             The game lasted 00:10:04 (4869 turns).

ceep the Shield-Bearer (Minotaur Fighter)           Turns: 4869, Time: 00:10:05

Health: -2/63      AC: 12    Str: 23    XL:     7   Next: 45%
Magic:  6/6        EV:  7    Int: 11    God:
Gold:   233        SH:  4    Dex:  9    Spells: 6/6 levels left

rFire   . . .        a - +1 trident
rCold   . . .        c - +0 buckler
rNeg    . . .        i - +0 chain mail
rPois   .            (helmet restricted)
rElec   .            b - +1 cloak
rCorr   +            (no gloves)
SInv    .            (no boots)
Will    .....        (no amulet) Stlth
                     d - +6 ring of intelligence
HPRegen 0.30/turn    j - ring of resist corrosion
MPRegen 0.10/turn

%: no passive effects
@: lethally poisoned (-2 -> -56), weak-willed, enlightened, flying, studying
Dodging
A: horns 2, retaliatory headbutt
a: no special abilities


You were on level 4 of the Dungeon.
You visited 2 branches of the dungeon, and saw 6 of its levels.

You collected 233 gold pieces.

Inventory:

Hand Weapons
 a - a +1 trident (weapon)
Armour
 b - a +1 cloak (worn)
 c - a +0 buckler (worn)
 i - a +0 chain mail (worn)
Jewellery
 d - a +6 ring of intelligence (left hand)
 j - a ring of resist corrosion (right hand)
Wands
 s - a wand of paralysis (3)
Scrolls
 e - a scroll of teleportation
 f - 2 scrolls of fear
 g - a scroll of immolation
 h - 7 scrolls of identify
 l - 3 scrolls of noise
 q - 2 scrolls of enchant armour
Potions
 r - a potion of mutation
 t - a potion of brilliance


   Skills:
 + Level 6.1 Fighting
 + Level 5.4 Polearms
 + Level 6.1 Armour
 + Level 6.2 Shields


You had 6 spell levels left.
You didn't know any spells.
Your spell library contained the following spells:

 Spells                   Type           Power      Damage    Failure   Level
 Sandblast                Erth           0%         2d4       92%         1
 Call Canine Familiar     Summ           0%         N/A       100%        3
 Mephitic Cloud           Conj/Alch/Air  0%         N/A       100%        3
 Passwall                 Erth           0%         N/A       100%        3
 Sigil of Binding         Hex            0%         N/A       100%        3
 Stone Arrow              Conj/Erth      0%         3d7       100%        3
 Summon Ice Beast         Ice/Summ       0%         N/A       100%        3
 Volatile Blastmotes      Fire/Tloc      0%         2d10      100%        3
 Brom's Barrelling Bould  Conj/Erth      0%         2d3       100%        4
 Dimensional Bullseye     Hex/Tloc       0%         N/A       100%        4
 Vhi's Electric Charge    Tloc/Air       0%         N/A       100%        4
 Summon Mana Viper        Hex/Summ       0%         N/A       100%        5
 Yara's Violent Unravell  Hex/Alch       0%         3d3       100%        5
 Bombard                  Conj/Erth      0%         9d1       100%        6
 Monstrous Menagerie      Summ           0%         N/A       100%        7


Dungeon Overview and Level Annotations

Branches:
Dungeon (5/15)             Temple (1/1) D:4

Altars:
Dithmenos
Fedhas
Kikubaaqudgha
Makhleb
Nemelex Xobeh
Qazlal
Ru
Uskayaw
Yredelemnul
Zin
The Shining One

Annotations:
D:5 Sigmund


Innate Abilities, Weirdness & Mutations

You have a pair of horns on your head.
You reflexively headbutt those who attack you in melee.


Message History

As you read the scroll of identify, it crumbles to dust.
l - 3 scrolls of noise The air fills with toxic fumes!
As you read the scroll labelled FOANGU OHU, it crumbles to dust.
It was a scroll of poison.
As you read the scroll labelled BUGU PAOQIBBAO, it crumbles to dust.
A wave of despondency washes over your surroundings.
It was a scroll of vulnerability.
This is a scroll of acquirement!
You see here a manual of Dodging.
Something appears at your feet!
You pick up a manual of Dodging and begin studying.
Okay, then.
You are engulfed in poison gas.
You are poisoned.
You feel very sick.
You are engulfed in poison gas.
You are more poisoned.
You feel extremely sick.
Unknown command.
You are engulfed in poison gas.
You are lethally poisoned!
You feel extremely sick.
You feel better.
You are engulfed in poison gas.
You are poisoned.
You feel very sick.
As you read the scroll labelled JEPEQASOETT, it crumbles to dust.
It is a scroll of enchant armour.
Your +0 cloak glows green for a moment.
You are engulfed in poison gas.
You are lethally poisoned!
* * * LOW HITPOINT WARNING * * *
You feel extremely sick.
Okay, then.
Okay, then.
As you read the scroll labelled RYBAIQ PAESHERO, it crumbles to dust.
It is a scroll of enchant weapon.
Your +0 trident glows red for a moment.
You are engulfed in poison gas.
You are more poisoned.
* * * LOW HITPOINT WARNING * * *
x2 You feel extremely sick.
Okay, then.
You are engulfed in poison gas.
You are more poisoned.
You die...

....)....# #.####### ########.##
#.##...## ##...## #<##.#...
#.....####### #.##...##
##........>§# #.###.###
##.#######§########.##..... #.#
#§#.....##........ #.#
#°#.###.#####...#. ##'##
#@#.###.# #.<.#. ##...##
#.○...#.# #..... ##.....##
###.....# #.#.#) # ##.......##
##.#.### #.#...
####.........####....#######.....
...'....÷....'..............<....
####.........###..)......######..
# ##.......## #.#.#.###.# ##.
##.....## #.###.# #.# ##


There were no monsters in sight!

Vanquished Creatures
  A phantom (D:4)
  2 scorpions (D:5)
  A bombardier beetle (D:3)
  3 orc priests (D:5)
  2 hounds (D:4)
  An iguana (D:5)
  Jessica (D:2)
  Terence (D:2)
  A human skeleton (D:4)
  Natasha (D:2)
  2 orc wizards
  3 gnolls (D:2)
  4 adders
  2 ufetubi (D:3)
  A dart slug (D:4)
  A ribbon worm (D:3)
  8 orcs
  16 endoplasms
  4 giant cockroaches
  10 goblins
  9 hobgoblins
  4 quokkas
  9 ball pythons
  5 bats
  A frilled lizard (D:2)
  8 kobolds
  9 rats
110 creatures vanquished.

Notes
Turn   | Place    | Note
-------+----------+-------------------------------------------
     0 | D:1      | ceep the Minotaur Fighter began the quest for the Orb.
     0 | D:1      | Reached XP level 1. HP: 19/19 MP: 0/0
   307 | D:1      | Reached XP level 2. HP: 23/27 MP: 1/1
   877 | D:2      | Noticed Terence
   891 | D:2      | Killed Terence
   892 | D:2      | Reached XP level 3. HP: 5/33 MP: 2/2
  1103 | D:2      | Reached XP level 4. HP: 39/41 MP: 3/3
  1416 | D:2      | Noticed Jessica
  1422 | D:2      | Killed Jessica
  1528 | D:2      | Noticed Natasha
  1533 | D:2      | Killed Natasha
  1534 | D:2      | Reached XP level 5. HP: 39/47 MP: 4/4
  2135 | D:3      | Got the Quarto of the Great Work
  2156 | D:3      | Identified the +0 short sword "Vaqiar" {flame, Int+3}
  2662 | D:3      | Reached skill level 5 in Fighting
  2662 | D:3      | Reached skill level 5 in Armour
  2662 | D:3      | Reached skill level 5 in Shields
  3115 | D:4      | Noticed a phantom
  3126 | D:4      | Found a staircase to the Ecumenical Temple.
  3135 | D:4      | Killed a phantom
  3136 | D:4      | Reached XP level 6. HP: 35/56 MP: 5/5
  3230 | Temple   | Entered the Ecumenical Temple
  3872 | D:4      | Found a runed translucent door.
  3872 | D:4      | Noticed a human
  3876 | D:4      | Found a basalt altar of Yredelemnul.
  4470 | D:5      | Entered Level 5 of the Dungeon
  4545 | D:5      | Reached skill level 5 in Polearms
  4545 | D:5      | Reached XP level 7. HP: 49/62 MP: 6/6
  4798 | D:5      | Noticed Sigmund
  4861 | D:4      | Identified a scroll of acquirement
  4861 | D:4      | Acquired a manual of Dodging
  4868 | D:4      | HP: 2/63 [poisoned by you (poison gas)]
  4869 | D:4      | Engulfed by a cloud of poison gas

Illustrated notes

Levels and vault maps discovered:
D:1:      dpeg_arrival_oval, layout_basic, minmay_pentomino_r2
D:2:      minmay_chambers_of_twos, layout_basic, grunt_decor_fettered,
          uniq_terence, uniq_natasha, uniq_jessica
D:3:      layout_basic
D:4:      layout_loops_corners, dk_yredelemnul_ordeal,
          minmay_temple_entry_large_hall, nrook_loot_triangle,
          serial_library_hellmonk_long_bookcase
D:5:      layout_basic, uniq_grinder, uniq_sigmund
Temple:   hellmonk_temple_beads

Skill      XL: |  1  2  3  4  5  6  7 |
---------------+----------------------+-----
Fighting       | 4 5 6 |  6.1
Shields        | 4 5 6 |  6.2
Polearms       | 3 4 5 |  5.4
Armour         | 4 5 6 |  6.1

Action                     |  1- 3 |  4- 6 |  7- 9 || total
---------------------------+-------+-------+-------++-------
  Melee: Trident           |    67 |   217 |    35 ||   319
         Headbutt          |    10 |    36 |     7 ||    53
    Use: Potion            |     1 |       |     2 ||     3
         Scroll            |       |       |    12 ||    12
 Armour: Scale mail        |    35 |       |       ||    35
         Chain mail        |     4 |   148 |    21 ||   173
  Dodge: Dodged            |    16 |    55 |     8 ||    79
  Block: Buckler           |     7 |    28 |     4 ||    39

Table legend: (Time is in decaauts)
 A = Elapsed time spent in this place.
 B = Non-inter-level travel time spent in this place.
 C = Inter-level travel time spent in this place.
 D = Time resting spent in this place.
 E = Time spent auto-exploring this place.
 F = Levels seen in this place.
 G = Mean time per level.
                   A        B        C        D        E       F      G
               +--------+--------+--------+--------+--------+-----+--------+
         Total |   4923 |   4354 |    569 |    422 |   3073 |   6 |  820.5 |
       Dungeon |   4813 |   4350 |    463 |    422 |   3073 |   5 |  962.6 |
        Temple |    110 |      4 |    106 |      0 |      0 |   1 |  110.0 |
               +--------+--------+--------+--------+--------+-----+--------+

Top non-repeatable levels by time:
     D:4: 1627 daAuts
     D:2: 980 daAuts
     D:3: 979 daAuts
     D:1: 842 daAuts
     D:5: 383 daAuts
  Temple: 110 daAuts
